Vegas Golden Knights vs Anaheim Ducks
Created - Saturday, February 17, 2024 at 08:21
Goals
|
| Vegas Golden Knights |
0 |
0 |
0 |
0 |
| Anaheim Ducks |
1 |
1 |
1 |
3 |
|
Shots
|
| Vegas Golden Knights |
13 |
6 |
6 |
25 |
| Anaheim Ducks |
21 |
5 |
16 |
42 |
|
1st period
1. Anaheim Ducks , John Tavares 7 (Mark Scheifele 6, William Nylander 12) at 8:00
Penalties :
Casey DeSmith (VGK) for Delaying the game (Minor) at 12:31 - Shea Theodore served the penalty
2nd period
2. Anaheim Ducks , William Nylander 9 (Mark Scheifele 7, John Tavares 9) at 6:20 (PP)
Penalties :
Josh Manson (ANA) for Diving (Minor) at 0:10, Alex Chiasson (VGK) for Hooking (Minor) at 5:38, Roman Josi (VGK) for Hooking (Minor) at 10:52, Roman Josi (VGK) for Hooking (Minor) at 13:28
3rd period
3. Anaheim Ducks , Teuvo Teravainen 2 (J.T. Compher 1, Josh Manson 1) at 8:37 (SH)
Penalties :
Roman Josi (VGK) for Tripping (Minor) at 3:30, Mason Marchment (ANA) for Interference (Minor) at 8:03
Goalie Stats
Casey DeSmith (VGK), 39 saves from 42 shots - (0.929), L, 2-1-0, 60:00 minutes
Linus Ullmark (ANA), 25 saves from 25 shots - (1.000), W, 6-5-0, 60:00 minutes
Players Stats for Vegas Golden Knights
Player Name G A P +/- PIM S H SB GA TA FO MP PP MP PK MP
------------------------------------------------------------------------------------
Alex Chiasson 0 0 0 0 2 1 0 0 0 1 0/0 9:02 1:44 0:00
Chris Kreider 0 0 0 0 0 1 0 0 0 0 0/2 16:40 1:59 0:16
Eric Staal 0 0 0 0 0 0 3 0 0 0 5/9 11:45 0:00 4:04
Joe Pavelski 0 0 0 0 0 1 2 0 0 1 1/4 16:42 1:59 0:00
John Marino 0 0 0 0 0 0 0 0 0 0 0/0 20:09 0:00 4:35
Jonathan Drouin 0 0 0 -1 0 1 0 0 1 0 2/4 9:15 1:59 0:00
Jordan Staal 0 0 0 -1 0 1 1 1 0 1 3/8 16:01 0:00 4:04
Marc Staal 0 0 0 0 0 0 2 1 0 0 0/0 19:04 0:00 4:03
Marc-Edouard Vlasic 0 0 0 0 0 0 0 0 0 0 0/0 15:59 0:00 4:03
Nikolaj Ehlers 0 0 0 -1 0 9 1 0 1 0 0/0 15:45 1:59 0:00
Reilly Smith 0 0 0 -1 0 0 0 0 0 0 0/1 14:40 1:59 0:58
Rickard Rakell 0 0 0 -1 0 3 3 0 3 0 0/0 15:45 1:59 0:00
Roman Josi 0 0 0 -2 6 0 0 1 0 2 0/0 22:11 2:14 0:00
Sean Couturier 0 0 0 0 0 2 1 0 1 0 9/17 17:36 0:00 4:00
Sean Monahan 0 0 0 0 0 3 2 1 0 0 9/16 18:11 0:00 3:54
Shea Theodore 0 0 0 -1 0 2 0 1 0 0 0/0 21:25 1:44 0:00
Travis Hamonic 0 0 0 0 0 0 2 3 0 0 0/0 17:04 0:00 4:35
Tyler Bertuzzi 0 0 0 -2 0 1 3 0 0 0 0/1 14:04 2:14 0:00
Players Stats for Anaheim Ducks
Player Name G A P +/- PIM S H SB GA TA FO MP PP MP PK MP
------------------------------------------------------------------------------------
Alex Killorn 0 0 0 0 0 1 2 0 0 1 2/3 17:57 3:49 2:44
Brayden Schenn 0 0 0 0 0 4 2 0 1 0 0/0 15:45 3:49 0:10
Brenden Dillon 0 0 0 2 0 0 0 1 0 0 0/0 17:27 0:00 2:03
Calle Jarnkrok 0 0 0 0 0 1 0 0 1 2 0/1 11:37 0:03 0:00
Chandler Stephenson 0 0 0 0 0 1 2 0 0 0 8/12 14:18 0:00 2:44
Esa Lindell 0 0 0 1 0 0 0 0 0 0 0/0 17:35 0:00 2:34
Ivan Provorov 0 0 0 0 0 1 1 2 0 1 0/0 21:33 3:46 1:55
J.T. Compher 0 1 1 1 0 3 0 0 0 0 0/1 10:39 0:12 1:04
John Tavares 1 1 2 1 0 5 2 0 0 0 17/32 19:37 4:45 0:00
Josh Manson 0 1 1 1 2 1 2 0 0 2 0/0 20:42 3:46 0:59
Joshua Morrissey 0 0 0 0 0 0 2 0 0 0 0/0 20:57 4:52 0:00
Mark Scheifele 0 2 2 1 0 1 1 0 1 0 1/1 19:45 4:46 0:00
Mason Marchment 0 0 0 0 2 3 1 1 0 0 0/0 9:15 0:00 0:00
Max Domi 0 0 0 0 0 2 2 0 1 0 5/7 11:50 0:04 0:10
Morgan Rielly 0 0 0 0 0 1 3 4 0 0 0/0 21:56 4:52 0:25
Nazem Kadri 0 0 0 0 0 5 1 0 0 0 0/4 12:28 3:41 0:00
Teuvo Teravainen 1 0 1 1 0 4 1 0 0 0 0/0 13:01 0:00 1:04
William Nylander 1 1 2 1 0 9 2 0 1 0 0/1 19:37 4:45 0:00
3 Stars
1 - Linus Ullmark (ANA)
2 - William Nylander (ANA)
3 - John Tavares (ANA)
Power Play
Vegas Golden Knights - 0 on 3 Attempt(s) - 0.00%
Anaheim Ducks - 1 on 4 Attempt(s) - 25.00%
Penalty Kill
Vegas Golden Knights - 3 on 4 Attempt(s) - 75.00%
- Score 0 goal in Penalty Kill
Anaheim Ducks - 3 on 3 Attempt(s) - 100.00%
- Score 1 goal in Penalty Kill
Team Stat
Vegas Golden Knights - Hits : 20 - Faceoff Wins : 29 - Blocked Shots : 8 - Penalty Minutes : 10
Anaheim Ducks - Hits : 24 - Faceoff Wins : 33 - Blocked Shots : 8 - Penalty Minutes : 4
Official
Referees : Tim Peel and Graham Skiliter
Linesman : Mark Wheler and Derek Nansen
Game Notes
19:13 of 3rd period - Penalty Shot by Ivan Provorov for Anaheim Ducks - Stopped by Casey DeSmith
Finance
Level 1 -- Attendance: 4372 (72.87%) -- Ticket Income $437,200
Level 2 -- Attendance: 3875 (77.50%) -- Ticket Income $232,500
Level 3 -- Attendance: 1980 (66.00%) -- Ticket Income $91,080
Level 4 -- Attendance: 3713 (74.26%) -- Ticket Income $92,825
Luxury Box -- Attendance: 804 (80.40%) -- Ticket Income $160,800
Game was played at the Honda Center.
Total Attendance: 14744 (73.72%)
Total Ticket Income: $1,014,405
Other Income: $355,042
Total Income: $1,369,447
Vegas Golden Knights
5 vs 5 Forward
Center Left Wing Right Wing Time % Phy DF OF
1 Sean Monahan Chris Kreider Joe Pavelski 30 1 2 2
2 Sean Couturier Nikolaj Ehlers Rickard Rakell 30 1 2 2
3 Jordan Staal Tyler Bertuzzi Reilly Smith 25 1 2 2
4 Eric Staal Jonathan Drouin Alex Chiasson 15 1 2 2
5 vs 5 Defense
Defense Defense Time % Phy DF OF
1 Roman Josi Shea Theodore 35 1 2 2
2 Marc Staal John Marino 30 1 2 2
3 Marc-Edouard Vlasic Travis Hamonic 25 1 2 2
4 Roman Josi Shea Theodore 10 1 2 2
PowerPlay Forward
Center Left Wing Right Wing Time % Phy DF OF
1 Joe Pavelski Chris Kreider Reilly Smith 50 1 2 2
2 Jonathan Drouin Nikolaj Ehlers Rickard Rakell 50 1 2 2
PowerPlay Defense
Defense Defense Time % Phy DF OF
1 Tyler Bertuzzi Roman Josi 50 1 2 2
2 Alex Chiasson Shea Theodore 50 1 2 2
Penalty Kill 4 Players Forward
Center Wing Time % Phy DF OF
1 Sean Couturier Sean Monahan 50 1 2 2
2 Eric Staal Jordan Staal 50 1 2 2
Penalty Kill 4 Players Defense
Defense Defense Time % Phy DF OF
1 John Marino Travis Hamonic 50 1 2 2
2 Marc-Edouard Vlasic Marc Staal 50 1 2 2
Penalty Kill - 3 Players Forward
Forward Time % Phy DF OF
1 Sean Couturier 50 1 2 2
2 Jordan Staal 50 1 2 2
Penalty Kill - 3 Players Defense
Defense Defense Time % Phy DF OF
1 John Marino Travis Hamonic 50 1 2 2
2 Eric Staal Marc Staal 50 1 2 2
4 vs 4 Forward
Center Wing Time % Phy DF OF
1 Joe Pavelski Chris Kreider 50 1 2 2
2 Jonathan Drouin Alex Chiasson 50 1 2 2
4 vs 4 Defense
Defense Defense Time % Phy DF OF
1 Roman Josi Shea Theodore 50 1 2 2
2 Marc-Edouard Vlasic John Marino 50 1 2 2
Last Minutes Offensive
Center Left Wing Right Wing Defense Defense
Joe Pavelski Chris Kreider Nikolaj Ehlers Roman Josi Shea Theodore
Last Minutes Defensive
Center Left Wing Right Wing Defense Defense
Eric Staal Jordan Staal Sean Monahan Marc Staal Travis Hamonic
Goaltenders
Starting : Casey DeSmith
Backup : Alexandar Georgiev
Extra Forwards
Normal : Reilly Smith, Joe Pavelski, Chris Kreider - PP : Sean Monahan, Sean Couturier - PK : Reilly Smith
Extra Defensemen
Normal : John Marino, Roman Josi, Shea Theodore - PP : Marc Staal - PK : Shea Theodore, Roman Josi
Penalty Shots
Rickard Rakell, Sean Monahan, Joe Pavelski, Chris Kreider, Jonathan Drouin
Anaheim Ducks
5 vs 5 Forward
Center Left Wing Right Wing Time % Phy DF OF
1 John Tavares William Nylander Mark Scheifele 40 1 1 3
2 Max Domi Brayden Schenn Alex Killorn 30 1 2 2
3 Chandler Stephenson Teuvo Teravainen Calle Jarnkrok 20 1 2 2
4 Nazem Kadri Mason Marchment J.T. Compher 10 1 2 2
5 vs 5 Defense
Defense Defense Time % Phy DF OF
1 Morgan Rielly Joshua Morrissey 35 1 2 2
2 Ivan Provorov Esa Lindell 35 1 2 2
3 Brenden Dillon Josh Manson 30 1 2 2
4 Morgan Rielly Esa Lindell 0 1 2 2
PowerPlay Forward
Center Left Wing Right Wing Time % Phy DF OF
1 John Tavares William Nylander Mark Scheifele 60 1 1 3
2 Nazem Kadri Alex Killorn Brayden Schenn 40 0 1 4
PowerPlay Defense
Defense Defense Time % Phy DF OF
1 Morgan Rielly Joshua Morrissey 60 1 2 2
2 Josh Manson Ivan Provorov 40 1 2 2
Penalty Kill 4 Players Forward
Center Wing Time % Phy DF OF
1 Chandler Stephenson Alex Killorn 55 1 3 1
2 J.T. Compher Teuvo Teravainen 45 1 3 1
Penalty Kill 4 Players Defense
Defense Defense Time % Phy DF OF
1 Esa Lindell Brenden Dillon 50 1 3 1
2 Ivan Provorov Josh Manson 50 1 3 1
Penalty Kill - 3 Players Forward
Forward Time % Phy DF OF
1 Alex Killorn 50 1 3 1
2 Chandler Stephenson 50 1 3 1
Penalty Kill - 3 Players Defense
Defense Defense Time % Phy DF OF
1 Esa Lindell Brenden Dillon 50 1 3 1
2 Josh Manson Ivan Provorov 50 1 3 1
4 vs 4 Forward
Center Wing Time % Phy DF OF
1 John Tavares William Nylander 60 1 2 2
2 Chandler Stephenson Mark Scheifele 40 1 2 2
4 vs 4 Defense
Defense Defense Time % Phy DF OF
1 Esa Lindell Morgan Rielly 50 1 2 2
2 Ivan Provorov Brenden Dillon 50 1 2 2
Last Minutes Offensive
Center Left Wing Right Wing Defense Defense
John Tavares William Nylander Mark Scheifele Morgan Rielly Joshua Morrissey
Last Minutes Defensive
Center Left Wing Right Wing Defense Defense
Chandler Stephenson Alex Killorn Teuvo Teravainen Ivan Provorov Esa Lindell
Goaltenders
Starting : Linus Ullmark
Backup : James Reimer
Extra Forwards
Normal : William Nylander, John Tavares, Mark Scheifele - PP : John Tavares, Mark Scheifele - PK : Alex Killorn
Extra Defensemen
Normal : Esa Lindell, Morgan Rielly, Joshua Morrissey - PP : Joshua Morrissey - PK : Esa Lindell, Morgan Rielly
Penalty Shots
William Nylander, Teuvo Teravainen, Mark Scheifele, Calle Jarnkrok, Alex Killorn
% Time on Ice - Vegas Golden Knights
Lines # - Real PCT - Wanted PCT - Time Play
Normal Forward
1 - 30% - 30% - 14:27
2 - 30% - 30% - 14:13
3 - 24% - 25% - 11:30
4 - 15% - 15% - 7:14
Normal Defense
1 - 36% - 35% - 17:14
2 - 32% - 30% - 15:06
3 - 25% - 25% - 11:56
4 - 7% - 10% - 3:08
PP Forward
1 - 50% - 50% - 1:59
2 - 50% - 50% - 1:59
PP Defense
1 - 56% - 50% - 2:14
2 - 44% - 50% - 1:44
PK Forward
1 - 50% - 50% - 4:19
2 - 50% - 50% - 4:19
PK Defense
1 - 53% - 50% - 4:35
2 - 47% - 50% - 4:03
PK3 Forward
1 - 0% - 50%
2 - 0% - 50%
PK3 Defense
1 - 0% - 50%
2 - 0% - 50%
44 Forward
1 - 0% - 50%
2 - 0% - 50%
44 Defense
1 - 0% - 50%
2 - 0% - 50%
Last Minute Offensive - 0:00
Last Minute Defensive - 0:00
Total
Forward - 60:00
Defense - 60:00
|
% Time on Ice - Anaheim Ducks
Lines # - Real PCT - Wanted PCT - Time Play
Normal Forward
1 - 32% - 40% - 15:10
2 - 25% - 30% - 11:47
3 - 24% - 20% - 11:34
4 - 19% - 10% - 8:53
Normal Defense
1 - 33% - 35% - 15:34
2 - 33% - 35% - 15:42
3 - 31% - 30% - 14:30
4 - 3% - 0% - 1:38
PP Forward
1 - 56% - 60% - 4:49
2 - 44% - 40% - 3:49
PP Defense
1 - 56% - 60% - 4:52
2 - 44% - 40% - 3:46
PK Forward
1 - 73% - 55% - 2:54
2 - 27% - 45% - 1:04
PK Defense
1 - 52% - 50% - 2:03
2 - 48% - 50% - 1:55
PK3 Forward
1 - 0% - 50%
2 - 0% - 50%
PK3 Defense
1 - 0% - 50%
2 - 0% - 50%
44 Forward
1 - 0% - 60%
2 - 0% - 40%
44 Defense
1 - 0% - 50%
2 - 0% - 50%
Last Minute Offensive - 0:00
Last Minute Defensive - 0:00
Total
Forward - 60:00
Defense - 60:00
|
Play-by-Play
1st period
0:01 of 1st period - John Tavares wins face-off versus Sean Monahan in neutral zone.
0:04 of 1st period - Wrist shot by William Nylander.
0:04 of 1st period - Stopped by Casey DeSmith with a rebound.
0:26 of 1st period - Brayden Schenn is hit by Rickard Rakell and loses puck.
0:31 of 1st period - Backhand shot by Nikolaj Ehlers.
0:31 of 1st period - Shot Misses the Net.
1:16 of 1st period - Snap shot by John Tavares.
1:16 of 1st period - Stopped by Casey DeSmith without a rebound.
1:17 of 1st period - Sean Monahan wins face-off versus Nazem Kadri in Vegas Golden Knights zone.
1:32 of 1st period - Wrist shot by Joe Pavelski.
1:32 of 1st period - Stopped by Linus Ullmark with a rebound.
1:44 of 1st period - Esa Lindell is hit by Travis Hamonic and loses puck.
1:55 of 1st period - Snap shot by Brayden Schenn.
1:55 of 1st period - Stopped by Casey DeSmith without a rebound.
1:56 of 1st period - John Tavares wins face-off versus Jordan Staal in Vegas Golden Knights zone.
1:57 of 1st period - Wrist shot by William Nylander.
1:57 of 1st period - Shot Misses the Net.
2:09 of 1st period - Snap shot by Reilly Smith.
2:09 of 1st period - Deflect By Jordan Staal.
2:09 of 1st period - Stopped by Linus Ullmark without a rebound.
2:10 of 1st period - Chandler Stephenson wins face-off versus Eric Staal in Anaheim Ducks zone.
2:17 of 1st period - Slapshot by Teuvo Teravainen.
2:17 of 1st period - Stopped by Casey DeSmith without a rebound.
2:18 of 1st period - Eric Staal wins face-off versus Calle Jarnkrok in Vegas Golden Knights zone.
2:45 of 1st period - Slapshot by Chandler Stephenson.
2:45 of 1st period - Stopped by Casey DeSmith with a rebound.
4:38 of 1st period - Snap shot by Joe Pavelski.
4:38 of 1st period - Shot Misses the Net.
4:40 of 1st period - Slapshot by Travis Hamonic.
4:40 of 1st period - Deflect By Chris Kreider.
4:40 of 1st period - Shot Blocked by Ivan Provorov.
4:40 of 1st period - Puck is out of play.
4:41 of 1st period - John Tavares wins face-off versus Eric Staal in Anaheim Ducks zone.
4:48 of 1st period - Wrist shot by William Nylander.
4:48 of 1st period - Stopped by Casey DeSmith without a rebound.
4:49 of 1st period - Eric Staal wins face-off versus John Tavares in Vegas Golden Knights zone.
4:58 of 1st period - Icing by Esa Lindell.
4:59 of 1st period - John Tavares wins face-off versus Sean Couturier in Anaheim Ducks zone.
5:04 of 1st period - Wrist shot by Nikolaj Ehlers.
5:04 of 1st period - Stopped by Linus Ullmark with a rebound.
5:28 of 1st period - Wrist shot by Sean Monahan.
5:28 of 1st period - Shot Misses the Net.
5:32 of 1st period - Wrist shot by Chris Kreider.
5:32 of 1st period - Shot Misses the Net.
5:34 of 1st period - Snap shot by John Marino.
5:34 of 1st period - Shot Misses the Net.
6:32 of 1st period - Slapshot by Nikolaj Ehlers.
6:32 of 1st period - Stopped by Linus Ullmark with a rebound.
6:34 of 1st period - Snap shot by Sean Couturier.
6:34 of 1st period - Stopped by Linus Ullmark without a rebound.
6:35 of 1st period - Max Domi wins face-off versus Sean Monahan in Anaheim Ducks zone.
7:02 of 1st period - Joshua Morrissey is hit by Nikolaj Ehlers and loses puck.
7:23 of 1st period - Wrist shot by Nazem Kadri.
7:23 of 1st period - Stopped by Casey DeSmith with a rebound.
7:25 of 1st period - Slapshot by Brenden Dillon.
7:25 of 1st period - Shot Blocked by Travis Hamonic.
7:27 of 1st period - Slapshot by Brenden Dillon.
7:27 of 1st period - Deflect By J.T. Compher.
7:27 of 1st period - Shot Misses the Net.
7:27 of 1st period - Puck is out of play.
7:28 of 1st period - Sean Monahan wins face-off versus Nazem Kadri in Vegas Golden Knights zone.
7:28 of 1st period - Sean Monahan is hit by Josh Manson.
7:58 of 1st period - Snap shot by Mark Scheifele.
7:58 of 1st period - Shot Blocked by Shea Theodore.
8:00 of 1st period - Snap shot by John Tavares.
8:00 of 1st period - Goal by John Tavares - Vegas Golden Knights : 0 - Anaheim Ducks : 1.
8:01 of 1st period - Max Domi wins face-off versus Tyler Bertuzzi in neutral zone.
8:16 of 1st period - Wrist shot by Max Domi.
8:16 of 1st period - Shot Blocked by Roman Josi.
8:18 of 1st period - Wrist shot by Brayden Schenn.
8:18 of 1st period - Shot Blocked by Jordan Staal.
9:24 of 1st period - Wrist shot by Calle Jarnkrok.
9:24 of 1st period - Stopped by Casey DeSmith with a rebound.
9:26 of 1st period - Wrist shot by Chandler Stephenson.
9:26 of 1st period - Shot Misses the Net.
9:44 of 1st period - Snap shot by Alex Chiasson.
9:44 of 1st period - Deflect By Brayden Schenn.
9:44 of 1st period - Shot Misses the Net.
9:44 of 1st period - Puck is out of play.
9:45 of 1st period - Joe Pavelski wins face-off versus John Tavares in Anaheim Ducks zone.
9:46 of 1st period - Slapshot by Sean Monahan.
9:46 of 1st period - Shot Hit the Post.
10:44 of 1st period - Wrist shot by Nazem Kadri.
10:44 of 1st period - Stopped by Casey DeSmith without a rebound.
10:45 of 1st period - John Tavares wins face-off versus Chris Kreider in Vegas Golden Knights zone.
10:46 of 1st period - Wrist shot by William Nylander.
10:46 of 1st period - Stopped by Casey DeSmith without a rebound.
10:47 of 1st period - Sean Monahan wins face-off versus John Tavares in Vegas Golden Knights zone.
10:47 of 1st period - Sean Monahan is hit by John Tavares.
11:13 of 1st period - Wrist shot by Brayden Schenn.
11:13 of 1st period - Stopped by Casey DeSmith with a rebound.
11:15 of 1st period - Snap shot by Max Domi.
11:15 of 1st period - Deflect By Alex Killorn.
11:15 of 1st period - Stopped by Casey DeSmith with a rebound.
11:17 of 1st period - Snap shot by Ivan Provorov.
11:17 of 1st period - Stopped by Casey DeSmith without a rebound.
11:18 of 1st period - Alex Killorn wins face-off versus Sean Couturier in Vegas Golden Knights zone.
11:19 of 1st period - Slapshot by Max Domi.
11:19 of 1st period - Stopped by Casey DeSmith with a rebound.
11:21 of 1st period - Snap shot by Alex Killorn.
11:21 of 1st period - Shot Misses the Net.
11:23 of 1st period - Snap shot by Brayden Schenn.
11:23 of 1st period - Stopped by Casey DeSmith without a rebound.
11:24 of 1st period - John Tavares wins face-off versus Sean Couturier in Vegas Golden Knights zone.
12:23 of 1st period - Wrist shot by Sean Monahan.
12:23 of 1st period - Stopped by Linus Ullmark without a rebound.
12:24 of 1st period - John Tavares wins face-off versus Eric Staal in Anaheim Ducks zone.
12:31 of 1st period - Slapshot by John Tavares.
12:31 of 1st period - Stopped by Casey DeSmith without a rebound.
12:31 of 1st period - Minor Penalty to Casey DeSmith for Delaying the game.
12:32 of 1st period - Sean Couturier wins face-off versus John Tavares in Vegas Golden Knights zone.
13:09 of 1st period - Wrist shot by Nazem Kadri.
13:09 of 1st period - Stopped by Casey DeSmith without a rebound.
13:10 of 1st period - Sean Couturier wins face-off versus John Tavares in Vegas Golden Knights zone.
14:31 of 1st period - Penalty to Shea Theodore is over, Shea Theodore is back on ice.
15:48 of 1st period - Mason Marchment is hit by Travis Hamonic and loses puck.
16:13 of 1st period - Brenden Dillon is hit by Tyler Bertuzzi and loses puck.
16:26 of 1st period - Josh Manson is hit by Sean Monahan and loses puck.
16:47 of 1st period - Snap shot by William Nylander.
16:47 of 1st period - Stopped by Casey DeSmith without a rebound.
16:48 of 1st period - Eric Staal wins face-off versus John Tavares in Vegas Golden Knights zone.
16:58 of 1st period - Off-side.
16:59 of 1st period - Mark Scheifele wins face-off versus Sean Monahan in neutral zone.
17:30 of 1st period - Reilly Smith is hit by Morgan Rielly and loses puck.
17:49 of 1st period - Wrist shot by Nikolaj Ehlers.
17:49 of 1st period - Stopped by Linus Ullmark with a rebound.
17:51 of 1st period - Backhand shot by Nikolaj Ehlers.
17:51 of 1st period - Deflect By Ivan Provorov.
17:51 of 1st period - Stopped by Linus Ullmark with a rebound.
17:53 of 1st period - Snap shot by Rickard Rakell.
17:53 of 1st period - Shot Hit the Post.
17:55 of 1st period - Slapshot by Nikolaj Ehlers.
17:55 of 1st period - Stopped by Linus Ullmark without a rebound.
17:56 of 1st period - Sean Couturier wins face-off versus John Tavares in Anaheim Ducks zone.
18:03 of 1st period - Snap shot by Nikolaj Ehlers.
18:03 of 1st period - Shot Misses the Net.
18:05 of 1st period - Wrist shot by Nikolaj Ehlers.
18:05 of 1st period - Stopped by Linus Ullmark without a rebound.
18:06 of 1st period - Sean Couturier wins face-off versus John Tavares in Anaheim Ducks zone.
18:09 of 1st period - Snap shot by Sean Couturier.
18:09 of 1st period - Stopped by Linus Ullmark without a rebound.
18:10 of 1st period - Sean Monahan wins face-off versus John Tavares in Anaheim Ducks zone.
18:36 of 1st period - Max Domi is hit by Tyler Bertuzzi and loses puck.
18:49 of 1st period - Snap shot by Tyler Bertuzzi.
18:49 of 1st period - Stopped by Linus Ullmark with a rebound.
18:59 of 1st period - Slapshot by Max Domi.
18:59 of 1st period - Shot Misses the Net.
19:05 of 1st period - Wrist shot by Teuvo Teravainen.
19:05 of 1st period - Stopped by Casey DeSmith without a rebound.
19:06 of 1st period - Sean Couturier wins face-off versus Chandler Stephenson in Vegas Golden Knights zone.
19:11 of 1st period - Snap shot by Shea Theodore.
19:11 of 1st period - Shot Blocked by Morgan Rielly.
19:13 of 1st period - Snap shot by Nikolaj Ehlers.
19:13 of 1st period - Stopped by Linus Ullmark with a rebound.
19:25 of 1st period - Slapshot by Teuvo Teravainen.
19:25 of 1st period - Stopped by Casey DeSmith with a rebound.
19:55 of 1st period - Off-side.
19:56 of 1st period - John Tavares wins face-off versus Chris Kreider in neutral zone.
Goals for this period are 0 for Vegas Golden Knights vs 1 for Anaheim Ducks.
Shots for this period are 13 for Vegas Golden Knights vs 21 for Anaheim Ducks.
2nd period
0:01 of 2nd period - Sean Monahan wins face-off versus John Tavares in neutral zone.
0:08 of 2nd period - Snap shot by Sean Monahan.
0:08 of 2nd period - Shot Misses the Net.
0:10 of 2nd period - Minor Penalty to Josh Manson for Diving.
0:11 of 2nd period - Chandler Stephenson wins face-off versus Reilly Smith in Anaheim Ducks zone.
0:11 of 2nd period - Chandler Stephenson is hit by Joe Pavelski.
0:26 of 2nd period - Slapshot by Tyler Bertuzzi.
0:26 of 2nd period - Deflect By Joe Pavelski.
0:26 of 2nd period - Shot Misses the Net.
0:26 of 2nd period - Puck is out of play.
0:27 of 2nd period - Jonathan Drouin wins face-off versus Chandler Stephenson in Anaheim Ducks zone.
0:32 of 2nd period - Snap shot by Nikolaj Ehlers.
0:32 of 2nd period - Shot Misses the Net.
0:34 of 2nd period - Snap shot by Rickard Rakell.
0:34 of 2nd period - Stopped by Linus Ullmark without a rebound.
0:35 of 2nd period - Alex Killorn wins face-off versus Jonathan Drouin in Anaheim Ducks zone.
2:05 of 2nd period - Alex Chiasson is hit by Brayden Schenn and loses puck.
2:10 of 2nd period - Penalty to Josh Manson is over, Josh Manson is back on ice.
2:46 of 2nd period - Mark Scheifele is hit by Marc Staal and loses puck.
3:37 of 2nd period - Snap shot by Max Domi.
3:37 of 2nd period - Stopped by Casey DeSmith with a rebound.
3:48 of 2nd period - Icing by Joshua Morrissey.
3:49 of 2nd period - Sean Monahan wins face-off versus John Tavares in Anaheim Ducks zone.
3:52 of 2nd period - Snap shot by Sean Monahan.
3:52 of 2nd period - Stopped by Linus Ullmark without a rebound.
3:53 of 2nd period - John Tavares wins face-off versus Sean Monahan in Anaheim Ducks zone.
4:03 of 2nd period - Icing by Ivan Provorov.
4:04 of 2nd period - John Tavares wins face-off versus Jordan Staal in Anaheim Ducks zone.
4:11 of 2nd period - Tyler Bertuzzi is hit by Ivan Provorov.
4:35 of 2nd period - Off-side.
4:36 of 2nd period - Sean Couturier wins face-off versus Alex Killorn in neutral zone.
4:39 of 2nd period - Brayden Schenn is hit by Rickard Rakell and loses puck.
5:12 of 2nd period - Marc-Edouard Vlasic is hit by Morgan Rielly and loses puck.
5:29 of 2nd period - Snap shot by Alex Chiasson.
5:29 of 2nd period - Shot Blocked by Morgan Rielly.
5:38 of 2nd period - Minor Penalty to Alex Chiasson for Hooking.
5:39 of 2nd period - John Tavares wins face-off versus Sean Couturier in Vegas Golden Knights zone.
6:05 of 2nd period - Eric Staal is hit by Brayden Schenn and loses puck.
6:12 of 2nd period - Snap shot by Brayden Schenn.
6:12 of 2nd period - Deflect By Nazem Kadri.
6:12 of 2nd period - Shot Misses the Net.
6:12 of 2nd period - Puck is out of play.
6:13 of 2nd period - John Tavares wins face-off versus Eric Staal in Vegas Golden Knights zone.
6:20 of 2nd period - Slapshot by William Nylander.
6:20 of 2nd period - Goal by William Nylander - Vegas Golden Knights : 0 - Anaheim Ducks : 2.
6:21 of 2nd period - Sean Monahan wins face-off versus John Tavares in neutral zone.
8:05 of 2nd period - Slapshot by Nazem Kadri.
8:05 of 2nd period - Stopped by Casey DeSmith with a rebound.
8:07 of 2nd period - Snap shot by Mason Marchment.
8:07 of 2nd period - Stopped by Casey DeSmith without a rebound.
8:08 of 2nd period - Max Domi wins face-off versus Sean Couturier in Vegas Golden Knights zone.
8:19 of 2nd period - Snap shot by Max Domi.
8:19 of 2nd period - Shot Misses the Net.
8:21 of 2nd period - Snap shot by Brayden Schenn.
8:21 of 2nd period - Stopped by Casey DeSmith with a rebound.
8:35 of 2nd period - Chris Kreider is hit by John Tavares and loses puck.
9:02 of 2nd period - Roman Josi is hit by Morgan Rielly and loses puck.
9:19 of 2nd period - Snap shot by Alex Chiasson.
9:19 of 2nd period - Shot Blocked by Ivan Provorov.
9:21 of 2nd period - Snap shot by Roman Josi.
9:21 of 2nd period - Shot Blocked by Mason Marchment.
9:23 of 2nd period - Snap shot by Jonathan Drouin.
9:23 of 2nd period - Stopped by Linus Ullmark with a rebound.
9:25 of 2nd period - Backhand shot by Shea Theodore.
9:25 of 2nd period - Stopped by Linus Ullmark without a rebound.
9:26 of 2nd period - Sean Couturier wins face-off versus John Tavares in Anaheim Ducks zone.
9:55 of 2nd period - Snap shot by Chris Kreider.
9:55 of 2nd period - Stopped by Linus Ullmark without a rebound.
9:56 of 2nd period - Max Domi wins face-off versus Sean Monahan in Anaheim Ducks zone.
10:05 of 2nd period - Snap shot by Sean Monahan.
10:05 of 2nd period - Shot Misses the Net.
10:08 of 2nd period - Icing by Max Domi.
10:09 of 2nd period - Jordan Staal wins face-off versus Max Domi in Anaheim Ducks zone.
10:52 of 2nd period - Minor Penalty to Roman Josi for Hooking.
10:53 of 2nd period - Sean Couturier wins face-off versus John Tavares in Vegas Golden Knights zone.
11:20 of 2nd period - Brayden Schenn is hit by Eric Staal and loses puck.
12:52 of 2nd period - Penalty to Roman Josi is over, Roman Josi is back on ice.
13:04 of 2nd period - Reilly Smith is hit by Teuvo Teravainen and loses puck.
13:28 of 2nd period - Minor Penalty to Roman Josi for Hooking.
13:29 of 2nd period - Sean Monahan wins face-off versus John Tavares in Vegas Golden Knights zone.
13:52 of 2nd period - Wrist shot by Morgan Rielly.
13:52 of 2nd period - Shot Blocked by Marc Staal.
14:08 of 2nd period - Josh Manson is hit by Eric Staal.
15:28 of 2nd period - Penalty to Roman Josi is over, Roman Josi is back on ice.
16:22 of 2nd period - Chandler Stephenson is hit by Tyler Bertuzzi and loses puck.
16:33 of 2nd period - Alex Killorn is hit by Joe Pavelski and loses puck.
16:46 of 2nd period - Slapshot by Max Domi.
16:46 of 2nd period - Shot Misses the Net.
17:13 of 2nd period - Snap shot by Joe Pavelski.
17:13 of 2nd period - Shot Misses the Net.
17:19 of 2nd period - Alex Killorn is hit by Sean Monahan.
17:45 of 2nd period - Snap shot by Rickard Rakell.
17:45 of 2nd period - Stopped by Linus Ullmark with a rebound.
17:47 of 2nd period - Snap shot by Sean Couturier.
17:47 of 2nd period - Deflect By Nikolaj Ehlers.
17:47 of 2nd period - Shot Blocked by Brenden Dillon.
17:47 of 2nd period - Puck is out of play.
17:48 of 2nd period - Chandler Stephenson wins face-off versus Sean Couturier in Anaheim Ducks zone.
18:15 of 2nd period - Esa Lindell is hit by Marc Staal and loses puck.
19:01 of 2nd period - Slapshot by Shea Theodore.
19:01 of 2nd period - Shot Misses the Net.
19:03 of 2nd period - Wrist shot by Jonathan Drouin.
19:03 of 2nd period - Shot Blocked by Morgan Rielly.
Goals for this period are 0 for Vegas Golden Knights vs 1 for Anaheim Ducks.
Shots for this period are 6 for Vegas Golden Knights vs 5 for Anaheim Ducks.
3rd period
0:01 of 3rd period - John Tavares wins face-off versus Sean Monahan in neutral zone.
0:56 of 3rd period - Snap shot by J.T. Compher.
0:56 of 3rd period - Stopped by Casey DeSmith without a rebound.
0:57 of 3rd period - Sean Monahan wins face-off versus Nazem Kadri in Vegas Golden Knights zone.
1:06 of 3rd period - Wrist shot by J.T. Compher.
1:06 of 3rd period - Shot Misses the Net.
1:08 of 3rd period - Snap shot by Josh Manson.
1:08 of 3rd period - Stopped by Casey DeSmith with a rebound.
1:10 of 3rd period - Wrist shot by J.T. Compher.
1:10 of 3rd period - Stopped by Casey DeSmith with a rebound.
1:12 of 3rd period - Slapshot by Brenden Dillon.
1:12 of 3rd period - Shot Misses the Net.
1:18 of 3rd period - Snap shot by Mason Marchment.
1:18 of 3rd period - Shot Misses the Net.
1:20 of 3rd period - Slapshot by Mason Marchment.
1:20 of 3rd period - Stopped by Casey DeSmith with a rebound.
1:26 of 3rd period - Wrist shot by Chris Kreider.
1:26 of 3rd period - Shot Misses the Net.
1:51 of 3rd period - Marc Staal is hit by Mason Marchment.
2:01 of 3rd period - Wrist shot by Sean Monahan.
2:01 of 3rd period - Stopped by Linus Ullmark with a rebound.
2:09 of 3rd period - Wrist shot by J.T. Compher.
2:09 of 3rd period - Stopped by Casey DeSmith with a rebound.
2:23 of 3rd period - Snap shot by Sean Monahan.
2:23 of 3rd period - Shot Misses the Net.
2:37 of 3rd period - Wrist shot by Nazem Kadri.
2:37 of 3rd period - Stopped by Casey DeSmith with a rebound.
2:39 of 3rd period - Slapshot by Morgan Rielly.
2:39 of 3rd period - Stopped by Casey DeSmith without a rebound.
2:40 of 3rd period - John Tavares wins face-off versus Jordan Staal in Vegas Golden Knights zone.
2:57 of 3rd period - Wrist shot by Mark Scheifele.
2:57 of 3rd period - Shot Misses the Net.
3:14 of 3rd period - Nikolaj Ehlers is hit by Alex Killorn and loses puck.
3:30 of 3rd period - Minor Penalty to Roman Josi for Tripping.
3:31 of 3rd period - Eric Staal wins face-off versus William Nylander in Vegas Golden Knights zone.
3:31 of 3rd period - Eric Staal is hit by Joshua Morrissey.
3:43 of 3rd period - Snap shot by William Nylander.
3:43 of 3rd period - Stopped by Casey DeSmith with a rebound.
4:01 of 3rd period - Sean Couturier is hit by Joshua Morrissey and loses puck.
5:03 of 3rd period - Icing by Joshua Morrissey.
5:04 of 3rd period - Eric Staal wins face-off versus Nazem Kadri in Anaheim Ducks zone.
5:30 of 3rd period - Penalty to Roman Josi is over, Roman Josi is back on ice.
6:23 of 3rd period - Snap shot by Sean Monahan.
6:23 of 3rd period - Shot Misses the Net.
6:50 of 3rd period - Brayden Schenn is hit by Eric Staal and loses puck.
7:05 of 3rd period - Snap shot by Mason Marchment.
7:05 of 3rd period - Stopped by Casey DeSmith with a rebound.
7:41 of 3rd period - Marc Staal is hit by Alex Killorn.
7:53 of 3rd period - Marc Staal is hit by William Nylander and loses puck.
8:03 of 3rd period - Minor Penalty to Mason Marchment for Interference.
8:04 of 3rd period - Chandler Stephenson wins face-off versus Joe Pavelski in Anaheim Ducks zone.
8:30 of 3rd period - Roman Josi is hit by Josh Manson and loses puck.
8:37 of 3rd period - Snap shot by Teuvo Teravainen.
8:37 of 3rd period - Goal by Teuvo Teravainen - Vegas Golden Knights : 0 - Anaheim Ducks : 3.
8:38 of 3rd period - Chandler Stephenson wins face-off versus Joe Pavelski in neutral zone.
8:53 of 3rd period - Slapshot by Shea Theodore.
8:53 of 3rd period - Stopped by Linus Ullmark without a rebound.
8:54 of 3rd period - Chandler Stephenson wins face-off versus Jonathan Drouin in Anaheim Ducks zone.
9:03 of 3rd period - Snap shot by Shea Theodore.
9:03 of 3rd period - Deflect By Jonathan Drouin.
9:03 of 3rd period - Shot Misses the Net.
9:03 of 3rd period - Puck is out of play.
9:04 of 3rd period - Jonathan Drouin wins face-off versus Chandler Stephenson in Anaheim Ducks zone.
9:11 of 3rd period - Slapshot by Jonathan Drouin.
9:11 of 3rd period - Shot Misses the Net.
9:13 of 3rd period - Snap shot by Nikolaj Ehlers.
9:13 of 3rd period - Stopped by Linus Ullmark with a rebound.
9:15 of 3rd period - Snap shot by Nikolaj Ehlers.
9:15 of 3rd period - Stopped by Linus Ullmark without a rebound.
9:16 of 3rd period - Chandler Stephenson wins face-off versus Joe Pavelski in Anaheim Ducks zone.
10:03 of 3rd period - Penalty to Mason Marchment is over, Mason Marchment is back on ice.
10:48 of 3rd period - Off-side.
10:49 of 3rd period - John Tavares wins face-off versus Sean Couturier in neutral zone.
11:16 of 3rd period - Sean Monahan is hit by Max Domi and loses puck.
11:21 of 3rd period - Slapshot by Brayden Schenn.
11:21 of 3rd period - Shot Misses the Net.
11:35 of 3rd period - Marc Staal is hit by Chandler Stephenson and loses puck.
12:19 of 3rd period - Shea Theodore is hit by William Nylander and loses puck.
13:01 of 3rd period - Snap shot by William Nylander.
13:01 of 3rd period - Shot Blocked by Sean Monahan.
13:03 of 3rd period - Snap shot by John Tavares.
13:03 of 3rd period - Shot Blocked by Travis Hamonic.
13:05 of 3rd period - Snap shot by John Tavares.
13:05 of 3rd period - Stopped by Casey DeSmith with a rebound.
13:15 of 3rd period - Slapshot by John Tavares.
13:15 of 3rd period - Shot Blocked by Travis Hamonic.
13:17 of 3rd period - Wrist shot by William Nylander.
13:17 of 3rd period - Shot Misses the Net.
13:19 of 3rd period - Wrist shot by William Nylander.
13:19 of 3rd period - Stopped by Casey DeSmith without a rebound.
13:20 of 3rd period - Jordan Staal wins face-off versus Max Domi in Vegas Golden Knights zone.
14:05 of 3rd period - Eric Staal is hit by Nazem Kadri.
14:09 of 3rd period - Wrist shot by Alex Chiasson.
14:09 of 3rd period - Stopped by Linus Ullmark without a rebound.
14:10 of 3rd period - Jordan Staal wins face-off versus J.T. Compher in Anaheim Ducks zone.
14:37 of 3rd period - Brayden Schenn is hit by Rickard Rakell and loses puck.
14:54 of 3rd period - Snap shot by William Nylander.
14:54 of 3rd period - Stopped by Casey DeSmith with a rebound.
14:56 of 3rd period - Slapshot by Mark Scheifele.
14:56 of 3rd period - Stopped by Casey DeSmith without a rebound.
14:57 of 3rd period - John Tavares wins face-off versus Sean Monahan in Vegas Golden Knights zone.
15:28 of 3rd period - Sean Monahan is hit by Mark Scheifele and loses puck.
15:45 of 3rd period - Snap shot by William Nylander.
15:45 of 3rd period - Stopped by Casey DeSmith with a rebound.
15:47 of 3rd period - Wrist shot by John Tavares.
15:47 of 3rd period - Stopped by Casey DeSmith without a rebound.
15:48 of 3rd period - Max Domi wins face-off versus Jordan Staal in Vegas Golden Knights zone.
16:17 of 3rd period - Off-side.
16:18 of 3rd period - Sean Couturier wins face-off versus Chandler Stephenson in neutral zone.
16:23 of 3rd period - Wrist shot by Rickard Rakell.
16:23 of 3rd period - Stopped by Linus Ullmark with a rebound.
17:00 of 3rd period - Slapshot by Teuvo Teravainen.
17:00 of 3rd period - Shot Misses the Net.
17:02 of 3rd period - Snap shot by Chandler Stephenson.
17:02 of 3rd period - Shot Misses the Net.
17:28 of 3rd period - John Marino is hit by Chandler Stephenson and loses puck.
17:43 of 3rd period - Icing by Chandler Stephenson.
17:44 of 3rd period - Chandler Stephenson wins face-off versus Jordan Staal in Anaheim Ducks zone.
17:44 of 3rd period - Chandler Stephenson is hit by Jordan Staal.
19:13 of 3rd period - Penalty Shot by Ivan Provorov for Anaheim Ducks.
19:13 of 3rd period - Deke by Ivan Provorov.
19:13 of 3rd period - Stopped by Casey DeSmith.
19:14 of 3rd period - John Tavares wins face-off versus Sean Couturier in Anaheim Ducks zone.
19:14 of 3rd period - John Tavares is hit by Sean Couturier.
19:27 of 3rd period - Wrist shot by Nikolaj Ehlers.
19:27 of 3rd period - Shot Misses the Net.
19:29 of 3rd period - Slapshot by Shea Theodore.
19:29 of 3rd period - Shot Blocked by Morgan Rielly.
19:39 of 3rd period - Roman Josi is hit by Max Domi and loses puck.
Goals for this period are 0 for Vegas Golden Knights vs 1 for Anaheim Ducks.
Shots for this period are 6 for Vegas Golden Knights vs 16 for Anaheim Ducks.
Back to the Top